[ AOE2 MATCH · #506339709 ]
UnrankedJurchens vs Romans
Player's team · LOSS
Rival team · WIN
[ REPLAY ANALYSIS · EXTRACTED FROM THE RECORDED GAME ]
Feudal
9:19
Castle
30:43
Imperial
—
| APM avg | 52.1 |
| APM peak | 82 |
| eAPM avg | 19.4 |
| Villagers / military | 72 / 34 |
Focus
⚔️ 33.9% · 🌾 66.1%
Scout Cavalry ×25 · Skirmisher ×8 · Monk ×1
Feudal
9:33
Castle
22:44
Imperial
—
| APM avg | 71.9 |
| APM peak | 142 |
| eAPM avg | 28.2 |
| Villagers / military | 75 / 60 |
Focus
⚔️ 42.2% · 🌾 57.8%
Archer ×35 · Knight ×12 · Spearman ×8 · Militia ×3 · Cavalry Archer ×2
Match map
Initial resources + every placement click. Lines = walls · curves = elevation contours. ◆ gold · ⬟ stone · ● berries · ✦ relic · ◌ wall gap
Your base· Open — 5t gap
Pirate's base· Open — 7t gap
Smoothed initial terrain · ◌ = detected wall gap · hover for details
Inputs per minute
— chandu champion - - Pirate
Build order — chandu champion
First 150 of 208 actions detected
| 0:00 | Create | Villager (Male) |
| 0:00 | Create | Villager (Male) |
| 0:01 | Create | Villager (Male) |
| 0:01 | Create | Villager (Male) |
| 0:02 | Build | House |
| 0:03 | Build | House |
| 1:29 | Create | Villager (Male) |
| 1:29 | Create | Villager (Male) |
| 1:36 | Create | Villager (Male) |
| 1:57 | Build | Lumber Camp |
| 2:07 | Create | Villager (Male) |
| 2:29 | Create | Villager (Male) |
| 2:29 | Create | Villager (Male) |
| 3:00 | Create | Villager (Male) |
| 3:00 | Create | Villager (Male) |
| 3:01 | Build | House |
| 3:13 | Create | Villager (Male) |
| 3:13 | Create | Villager (Male) |
| 3:54 | Create | Villager (Male) |
| 4:02 | Create | Villager (Male) |
| 4:55 | Create | Villager (Male) |
| 4:56 | Create | Villager (Male) |
| 4:56 | Create | Villager (Male) |
| 5:17 | Create | Villager (Male) |
| 5:18 | Build | Mill |
| 5:59 | Build | House |
| 6:34 | Research | Loom |
| 7:09 | Research | Feudal Age |
| 7:49 | Create | Villager (Male) |
| 7:52 | Build | Barracks |
| 7:56 | Create | Villager (Male) |
| 8:13 | Build | House |
| 8:17 | Build | Palisade Wall |
| 8:21 | Build | Palisade Wall |
| 8:27 | Build | Palisade Wall |
| 9:19 | Age | Feudal Age |
| 9:20 | Build | Stable |
| 9:27 | Research | Double-Bit Axe |
| 9:40 | Build | Palisade Wall |
| 9:49 | Build | Palisade Wall |
| 9:49 | Build | Palisade Wall |
| 9:50 | Build | Palisade Wall |
| 9:51 | Build | Palisade Wall |
| 9:52 | Build | Palisade Wall |
| 10:01 | Build | Palisade Wall |
| 10:02 | Build | Palisade Wall |
| 10:03 | Create | Scout Cavalry |
| 10:03 | Create | Scout Cavalry |
| 10:10 | Build | House |
| 10:12 | Build | Palisade Wall |
| 10:15 | Build | Palisade Wall |
| 10:17 | Build | Palisade Wall |
| 10:19 | Build | Palisade Wall |
| 10:20 | Build | Palisade Wall |
| 10:23 | Build | House |
| 10:27 | Create | Scout Cavalry |
| 10:28 | Create | Villager (Male) |
| 10:30 | Build | House |
| 10:39 | Create | Scout Cavalry |
| 10:42 | Create | Villager (Male) |
| 10:46 | Create | Scout Cavalry |
| 11:10 | Create | Villager (Male) |
| 11:21 | Build | Farm |
| 11:21 | Create | Villager (Male) |
| 11:28 | Create | Scout Cavalry |
| 11:36 | Build | Farm |
| 11:37 | Build | Farm |
| 12:12 | Create | Villager (Male) |
| 12:12 | Create | Villager (Male) |
| 12:13 | Build | Farm |
| 12:22 | Create | Scout Cavalry |
| 12:28 | Build | Archery Range |
| 12:45 | Create | Villager (Male) |
| 12:46 | Build | Farm |
| 12:54 | Create | Villager (Male) |
| 13:06 | Build | Farm |
| 13:14 | Create | Skirmisher |
| 13:16 | Build | Palisade Wall |
| 13:24 | Build | Farm |
| 13:27 | Create | Villager (Male) |
| 13:34 | Create | Skirmisher |
| 13:38 | Create | Villager (Male) |
| 13:56 | Create | Villager (Male) |
| 14:04 | Build | Farm |
| 14:05 | Create | Skirmisher |
| 14:15 | Create | Villager (Male) |
| 14:19 | Build | Farm |
| 14:22 | Create | Villager (Male) |
| 14:30 | Build | Farm |
| 14:45 | Create | Scout Cavalry |
| 15:09 | Create | Skirmisher |
| 15:22 | Create | Villager (Male) |
| 15:34 | Create | Scout Cavalry |
| 15:51 | Create | Scout Cavalry |
| 15:54 | Create | Skirmisher |
| 15:59 | Create | Villager (Male) |
| 16:17 | Create | Skirmisher |
| 16:26 | Create | Villager (Male) |
| 16:30 | Build | House |
| 16:39 | Create | Skirmisher |
| 16:56 | Create | Villager (Male) |
| 17:00 | Build | Blacksmith |
| 17:01 | Build | Palisade Wall |
| 17:04 | Build | House |
| 17:11 | Create | Villager (Male) |
| 17:13 | Build | Palisade Wall |
| 17:26 | Research | Wheelbarrow |
| 17:27 | Create | Villager (Male) |
| 17:28 | Create | Villager (Male) |
| 17:32 | Create | Villager (Male) |
| 17:34 | Build | Mining Camp |
| 17:50 | Create | Villager (Male) |
| 17:56 | Create | Villager (Male) |
| 17:58 | Build | Watch Tower |
| 18:05 | Create | Villager (Male) |
| 18:06 | Create | Skirmisher |
| 18:18 | Build | House |
| 18:37 | Build | Farm |
| 18:46 | Build | House |
| 18:59 | Create | Villager (Male) |
| 19:03 | Create | Scout Cavalry |
| 19:15 | Create | Villager (Male) |
| 19:17 | Build | Farm |
| 19:24 | Create | Scout Cavalry |
| 19:30 | Research | Fletching |
| 19:30 | Create | Villager (Male) |
| 19:33 | Build | Farm |
| 19:48 | Create | Scout Cavalry |
| 20:03 | Build | Mining Camp |
| 20:12 | Create | Villager (Male) |
| 20:18 | Build | Farm |
| 20:25 | Create | Scout Cavalry |
| 20:26 | Create | Villager (Male) |
| 20:47 | Create | Villager (Male) |
| 20:52 | Build | Watch Tower |
| 20:58 | Build | Farm |
| 21:01 | Research | Forging |
| 21:06 | Build | Farm |
| 21:14 | Build | Watch Tower |
| 21:25 | Create | Villager (Male) |
| 21:49 | Create | Scout Cavalry |
| 22:08 | Create | Villager (Male) |
| 22:09 | Build | Farm |
| 22:12 | Build | Stable |
| 22:34 | Create | Villager (Male) |
| 22:36 | Build | Mining Camp |
| 22:48 | Create | Villager (Male) |
| 22:50 | Build | Farm |
| 22:51 | Create | Scout Cavalry |
| 23:03 | Build | Farm |
Build order — Pirate
First 150 of 249 actions detected
| 0:00 | Create | Villager (Male) |
| 0:00 | Create | Villager (Male) |
| 0:03 | Build | House |
| 0:04 | Build | House |
| 0:08 | Create | Villager (Male) |
| 0:18 | Create | Villager (Male) |
| 1:25 | Create | Villager (Male) |
| 1:55 | Build | Lumber Camp |
| 2:00 | Create | Villager (Male) |
| 2:13 | Create | Villager (Male) |
| 2:49 | Create | Villager (Male) |
| 3:24 | Create | Villager (Male) |
| 3:45 | Create | Villager (Male) |
| 3:58 | Create | Villager (Male) |
| 4:21 | Build | House |
| 4:43 | Create | Villager (Male) |
| 4:44 | Create | Villager (Male) |
| 5:05 | Create | Villager (Male) |
| 5:31 | Create | Villager (Male) |
| 5:50 | Build | Barracks |
| 5:52 | Build | House |
| 5:57 | Create | Villager (Male) |
| 5:57 | Create | Villager (Male) |
| 6:01 | Create | Villager (Male) |
| 6:26 | Research | Loom |
| 7:01 | Build | Mining Camp |
| 7:23 | Research | Feudal Age |
| 7:48 | Create | Militia |
| 8:02 | Create | Militia |
| 8:11 | Build | House |
| 8:20 | Create | Militia |
| 9:09 | Build | House |
| 9:21 | Create | Villager (Male) |
| 9:33 | Age | Feudal Age |
| 9:33 | Research | Man-at-Arms (upgrade) |
| 9:34 | Research | Man-at-Arms (upgrade) |
| 9:39 | Build | Archery Range |
| 9:45 | Create | Spearman |
| 9:54 | Create | Villager (Male) |
| 9:58 | Build | Mill |
| 10:25 | Create | Villager (Male) |
| 10:40 | Create | Archer |
| 10:40 | Create | Archer |
| 10:44 | Create | Spearman |
| 10:45 | Build | Farm |
| 10:46 | Build | Farm |
| 10:47 | Create | Villager (Male) |
| 10:51 | Build | House |
| 10:58 | Build | House |
| 11:00 | Build | Palisade Wall |
| 11:25 | Create | Villager (Male) |
| 11:26 | Build | Farm |
| 11:28 | Build | House |
| 11:46 | Create | Archer |
| 11:47 | Create | Spearman |
| 12:11 | Create | Archer |
| 12:13 | Create | Villager (Male) |
| 12:27 | Build | Palisade Wall |
| 12:33 | Create | Villager (Male) |
| 12:47 | Build | Blacksmith |
| 12:56 | Create | Villager (Male) |
| 12:58 | Build | Farm |
| 13:00 | Create | Archer |
| 13:19 | Create | Spearman |
| 13:21 | Create | Archer |
| 13:28 | Build | Farm |
| 13:38 | Research | Fletching |
| 13:38 | Research | Fletching |
| 13:39 | Create | Villager (Male) |
| 13:40 | Build | House |
| 13:54 | Create | Villager (Male) |
| 13:55 | Build | Farm |
| 13:59 | Build | Palisade Wall |
| 14:00 | Build | Palisade Wall |
| 14:01 | Build | Palisade Wall |
| 14:06 | Build | Palisade Wall |
| 14:15 | Create | Villager (Male) |
| 14:15 | Create | Villager (Male) |
| 14:29 | Create | Villager (Male) |
| 14:42 | Create | Archer |
| 14:46 | Create | Villager (Male) |
| 14:49 | Build | Farm |
| 15:03 | Create | Archer |
| 15:06 | Build | House |
| 15:20 | Build | Farm |
| 15:24 | Build | House |
| 15:26 | Build | Palisade Wall |
| 15:43 | Build | House |
| 16:01 | Create | Archer |
| 16:07 | Create | Villager (Male) |
| 16:18 | Create | Villager (Male) |
| 16:28 | Build | Farm |
| 16:29 | Build | Farm |
| 16:32 | Research | Double-Bit Axe |
| 16:44 | Create | Villager (Male) |
| 16:46 | Build | Farm |
| 16:55 | Build | Palisade Wall |
| 17:18 | Build | House |
| 17:20 | Build | Palisade Wall |
| 17:22 | Build | Palisade Wall |
| 17:27 | Create | Villager (Male) |
| 17:35 | Create | Spearman |
| 17:35 | Create | Spearman |
| 17:42 | Create | Archer |
| 17:47 | Create | Villager (Male) |
| 18:05 | Create | Archer |
| 18:10 | Build | House |
| 18:11 | Build | House |
| 18:12 | Build | Palisade Wall |
| 18:31 | Create | Villager (Male) |
| 18:39 | Build | Lumber Camp |
| 19:18 | Build | Farm |
| 19:20 | Create | Villager (Male) |
| 19:22 | Build | Farm |
| 19:29 | Build | House |
| 19:35 | Build | Archery Range |
| 19:55 | Build | Farm |
| 20:01 | Build | Farm |
| 20:04 | Research | Castle Age |
| 20:30 | Create | Archer |
| 20:30 | Create | Archer |
| 20:32 | Build | Stable |
| 20:34 | Build | Farm |
| 20:41 | Build | House |
| 20:43 | Build | House |
| 20:48 | Build | Palisade Wall |
| 21:07 | Build | Watch Tower |
| 21:13 | Create | Archer |
| 21:13 | Create | Archer |
| 21:16 | Research | Scale Barding Armor |
| 21:20 | Research | Gold Mining |
| 21:33 | Research | Horse Collar |
| 22:00 | Build | Mining Camp |
| 22:02 | Create | Archer |
| 22:02 | Create | Archer |
| 22:06 | Build | House |
| 22:19 | Build | House |
| 22:40 | Build | House |
| 22:44 | Build | House |
| 22:44 | Age | Castle Age |
| 22:47 | Research | Bodkin Arrow |
| 22:50 | Create | Knight |
| 23:05 | Create | Villager (Male) |
| 23:10 | Build | Palisade Gate |
| 23:12 | Build | Mining Camp |
| 23:30 | Create | Villager (Male) |
| 23:32 | Create | Archer |
| 24:07 | Create | Archer |
| 24:08 | Create | Archer |
| 24:08 | Create | Knight |
Match timeline
| 5:50 | Pirate · first_building Barracks |
| 7:52 | chandu champion · first_building Barracks |
| 8:17 | chandu champion · wall_segment Palisade Wall x1 |
| 8:21 | chandu champion · wall_segment Palisade Wall x1 |
| 8:27 | chandu champion · wall_segment Palisade Wall x1 |
| 9:19 | chandu champion · age_up feudal |
| 9:20 | chandu champion · first_building Stable |
| 9:33 | Pirate · age_up feudal |
| 9:39 | Pirate · first_building Archery Range |
| 9:40 | chandu champion · wall_segment Palisade Wall x3 |
| 9:49 | chandu champion · wall_segment Palisade Wall x4 |
| 9:49 | chandu champion · wall_segment Palisade Wall x1 |
| 9:50 | chandu champion · wall_segment Palisade Wall x1 |
| 9:51 | chandu champion · wall_segment Palisade Wall x1 |
| 9:52 | chandu champion · wall_segment Palisade Wall x2 |
| 10:01 | chandu champion · wall_segment Palisade Wall x3 |
| 10:02 | chandu champion · wall_segment Palisade Wall x4 |
| 10:12 | chandu champion · wall_segment Palisade Wall x1 |
| 10:15 | chandu champion · wall_segment Palisade Wall x1 |
| 10:17 | chandu champion · wall_segment Palisade Wall x1 |
| 10:19 | chandu champion · wall_segment Palisade Wall x1 |
| 10:20 | chandu champion · wall_segment Palisade Wall x1 |
| 11:00 | Pirate · wall_segment Palisade Wall x8 |
| 12:27 | Pirate · wall_segment Palisade Wall x4 |
| 12:28 | chandu champion · first_building Archery Range |
| 13:16 | chandu champion · wall_segment Palisade Wall x1 |
| 13:59 | Pirate · wall_segment Palisade Wall x1 |
| 14:00 | Pirate · wall_segment Palisade Wall x1 |
| 14:01 | Pirate · wall_segment Palisade Wall x1 |
| 14:06 | Pirate · wall_segment Palisade Wall x1 |
| 15:26 | Pirate · wall_segment Palisade Wall x7 |
| 16:55 | Pirate · wall_segment Palisade Wall x7 |
| 17:01 | chandu champion · wall_segment Palisade Wall x1 |
| 17:13 | chandu champion · wall_segment Palisade Wall x7 |
| 17:20 | Pirate · wall_segment Palisade Wall x8 |
| 17:22 | Pirate · wall_segment Palisade Wall x5 |
| 18:12 | Pirate · wall_segment Palisade Wall x1 |
| 20:32 | Pirate · first_building Stable |
| 20:48 | Pirate · wall_segment Palisade Wall x1 |
| 22:44 | Pirate · age_up castle |
| 25:50 | chandu champion · wall_segment Palisade Wall x1 |
| 30:43 | chandu champion · age_up castle |
| 30:50 | chandu champion · first_market_sell 100 wood |
| 30:51 | chandu champion · first_market_buy 100 food |
| 31:10 | Pirate · first_market_buy 100 food |
| 31:36 | chandu champion · first_building Monastery |
| 31:51 | Pirate · first_building Monastery |
| 32:53 | chandu champion · resign |
[ AI ANALYSIS · 1 CREDIT ]
What really happened in this match?
Wolo.gg analyzes every decision: build order, eco, micro, common mistakes by bracket. Personalized analysis on WhatsApp or Discord in 30 seconds.
Civ guide
Jurchens
Perfil
Jugador #974876